 Dungeon Crawl Stone Soup version 0.17-a0-1718-g72dbe4d (webtiles) character file.

291 kae the Slasher (level 6, -1/51 HPs)
             Began as a Minotaur Fighter on Aug 26, 2015.
             Slain by a killer bee (4 damage)
             ... on level 3 of the Dungeon.
             The game lasted 00:01:19 (1880 turns).

kae the Slasher (Minotaur Fighter)                  Turns: 1880, Time: 00:01:19

Health: -1/51      AC:  6    Str: 26    XL:     6   Next: 10%
Magic:  5/5        EV:  7    Int:  6    God:
Gold:   118        SH: 10    Dex: 10    Spells: 0 memorised, 5 levels left

rFire  . . .     SeeInvis .     a - +0 long sword
rCold  . . .     Clarity  .     b - +0 scale mail
rNeg   . . .     SustAt   .     c - +0 shield
rPois  .         Gourm    .     (helmet restricted)
rElec  .         Spirit   .     (no cloak)
rCorr  .         Warding  .     (no gloves)
rMut   .         Stasis   .     (no boots)
MR     .....                    (no amulet)
Stlth  ..........               (no ring)
                                (no ring)

@: mighty, lethally poisoned (-1 -> -9), not resistant to hostile enchantments,
extremely unstealthy
A: retaliatory headbutt, horns 2
a: no special abilities


You were on level 3 of the Dungeon.
You were not hungry.

You visited 1 branch of the dungeon, and saw 3 of its levels.

You collected 118 gold pieces.

Inventory:

Hand weapons
 a - a +0 long sword (weapon)
Armour
 b - a +0 scale mail (worn)
 c - a +0 shield (worn)
Scrolls
 f - a scroll of remove curse {unknown}
 g - 3 scrolls of amnesia {unknown}
 h - 3 scrolls of identify {unknown}
 k - a scroll of blinking {unknown}
 m - 2 scrolls of recharging {unknown}
 n - 3 scrolls of teleportation {unknown}
 q - a scroll of fear {unknown}
Potions
 j - a potion of haste {unknown}
 o - a potion of brilliance {unknown}
 p - a potion of flight {unknown}
 t - a potion of lignification {unknown}
Books
 s - a book of Battle

   Spells                             Type                      Level
   a - Infusion                       Charms                       1
   b - Shroud of Golubria             Charms/Translocation         2
   c - Song of Slaying                Charms                       2
   d - Spectral Weapon                Hexes/Charms                 3
   e - Regeneration                   Charms/Necromancy            3
Comestibles
 e - 2 bread rations
 i - a meat ration
 r - 2 fruits


   Skills:
 - Level 3.6 Fighting
 + Level 7.8 Long Blades
 - Level 3.6 Armour
 - Level 3.6 Shields


You had 5 spell levels left.
You didn't know any spells.

Dungeon Overview and Level Annotations

Branches:
Dungeon (3/15)

Altars:
Nemelex Xobeh


Innate Abilities, Weirdness & Mutations

You reflexively headbutt those who attack you in melee.
You have a pair of horns on your head.


Message History

Your base attributes are Str 20, Int 6, Dex 10.
Increase (S)trength, (I)ntelligence, or (D)exterity?
You feel stronger.
Unknown command.
You slash the killer bee!
The killer bee is severely wounded.
* * * LOW HITPOINT WARNING * * *
You feel sick. You block the killer bee's attack.
You block the killer bee's attack.
You closely miss the killer bee.
The killer bee is severely wounded.
* * * LOW HITPOINT WARNING * * *
You feel sick.
The killer bee stings you but does no damage.
You block the killer bee's attack.
You hit the killer bee. Your headbutt misses the killer bee.
The killer bee is severely wounded.
* * * LOW HITPOINT WARNING * * *
You feel sick. The killer bee stings you.
You die...

.+.#.#.[.....#...#.......#
.#.#.#..[....'...'.†..(..#
...#.#.......#...#.......#
.....##.....##...##.....##
>...>###...###...###...##
.....# ##### #...# #####
.....###...###...# #...##
.....##.....##...##.....#
.....#.......#..@#.......
.....#......†'...yg...)..
.....#......†#...#.......
.....##.....##...##.....#
.#+#.###...##.....##...##
##.#.#######......# ####
..............#####
............)..#
........)......#


You could see a killer bee and a hobgoblin.

Vanquished Creatures
  3 killer bees (D:3)
  A crimson imp (D:3)
  An orc priest (D:3)
  4 adders
  An ooze (D:3)
  A worm (D:2)
  2 giant geckos (D:2)
  8 orcs (D:3)
  5 bats
  7 giant cockroaches
  7 hobgoblins
  A quokka (D:3)
  2 giant newts
  6 goblins
  2 kobolds (D:3)
  3 rats
54 creatures vanquished.

Notes
Turn   | Place    | Note
--------------------------------------------------------------
     0 | D:1      | kae the Minotaur Fighter began the quest for the Orb.
     0 | D:1      | Reached XP level 1. HP: 19/19 MP: 0/0
   307 | D:1      | Reached XP level 2. HP: 24/26 MP: 1/1
   644 | D:2      | Reached skill level 4 in Long Blades
   664 | D:2      | Reached XP level 3. HP: 25/31 MP: 2/2
  1194 | D:3      | Reached skill level 5 in Long Blades
  1196 | D:3      | Reached XP level 4. HP: 26/39 MP: 3/3
  1359 | D:3      | Found a sparkling altar of Nemelex Xobeh.
  1495 | D:3      | Reached skill level 6 in Long Blades
  1816 | D:3      | Reached XP level 5. HP: 41/45 MP: 4/4
  1865 | D:3      | Reached skill level 7 in Long Blades
  1877 | D:3      | Reached XP level 6. HP: 7/51 MP: 5/5
  1880 | D:3      | Slain by a killer bee

Vault maps used:
D:1:      minmay_arrival_diagonal_passages, minmay_stone_trees_medium
D:2:      minmay_misc_feat_tower
D:3:      kennysheep_six_static_rooms, nemelex_xobeh_ov_fountains_minmay

Action                   |  1- 3 |  4- 6 || total
-------------------------+-------+-------++-------
Melee: Long sword        |    60 |    84 ||   144
  Use: Potion            |     1 |     2 ||     3
  Eat: Chunk             |       |     3 ||     3
